 Dungeon Crawl Stone Soup version 0.23-a0-241-g3b46b07 (webtiles) character file.

481 grindst0ne the Skirmisher (level 6, -1/51 HPs)
             Began as a Mummy Fighter on Sept 26, 2018.
             Was an Initiate of Gozag.
             Splashed by a jelly's acid (3 damage)
             ... on level 5 of the Dungeon.
             The game lasted 00:07:19 (3058 turns).

grindst0ne the Skirmisher (Mummy Fighter)           Turns: 3058, Time: 00:07:20

Health: -1/51      AC:  4    Str: 30    XL:     6   Next: 87%
Magic:  6/6        EV: 11    Int: 12    God:    Gozag
Gold:   217        SH: 11    Dex: 17    Spells: 5/5 levels left

rFire    x . .     SeeInvis .   a - +0 war axe
rCold    + . .     Gourm    .   c - +0 shield
rNeg     + + +     Faith    .   o - +0 plate armour (curse)
rPois    ∞         Spirit   .   g - +0 helmet
rElec    .         Reflect  .   (no cloak)
rCorr    .         Harm     .   (no gloves)
MR       .....                  (no boots)
Stlth    ..........             (no amulet)
HPRegen  0.17/turn              k - +4 ring of strength
MPRegen  0.10/turn              (no ring)

@: mighty, brilliant, agile, corroded, flying, very slightly contaminated,
invisible
A: no food or potions, fire vulnerability, cold resistance 1, negative energy
resistance 3, torment resistance, unbreathing
a: Potion Petition, Call Merchant, Bribe Branch, Renounce Religion


You were on level 5 of the Dungeon.
You worshipped Gozag.
Gozag was aware of your devotion.
You were not hungry.

You visited 1 branch of the dungeon, and saw 5 of its levels.

You collected 280 gold pieces.
You paid 63 gold pieces to Gozag.

Inventory:

Hand Weapons
 a - a +0 war axe (weapon)
 m - a +0 dagger of venom
Armour
 b - a +0 scale mail
 c - a +0 shield (worn)
 g - a +0 helmet (worn)
 o - a cursed +0 plate armour (worn)
Jewellery
 k - a +4 ring of strength (left hand)
Scrolls
 d - 2 scrolls of enchant armour {unknown}
 e - 6 scrolls of identify {unknown}
 f - 4 scrolls of magic mapping {unknown}
 h - 2 scrolls of remove curse {unknown}
 i - 4 scrolls of teleportation {unknown}
 j - a scroll of amnesia {unknown}
 l - a scroll of enchant weapon {unknown}
 n - a scroll of blinking {unknown}


   Skills:
 + Level 5.1 Fighting
 - Level 1.5 Axes
 + Level 3.5 Armour
 - Level 2.2 Dodging
 + Level 4.1 Shields


You had 5 spell levels left.
You didn't know any spells.
Your spell library was empty.

Dungeon Overview and Level Annotations

Branches:
Dungeon (5/15)
 Temple: D:4-7

Altars:
Cheibriados
Gozag
Kikubaaqudgha
Nemelex Xobeh
Okawaru
Qazlal
Trog


Innate Abilities, Weirdness & Mutations

You do not eat or drink.
Your flesh is vulnerable to fire.
You are immune to poison.
Your flesh is cold resistant. (rC+)
You are immune to negative energy. (rN+++)
You are immune to unholy pain and torment.
You can survive without breathing.


Message History

[b] - 0 gold - flight, agility, invisibility, might and brilliance [c] - 0 gold - resistance and agility Purchase which effect?
You feel very buoyant.
You fly up into the air.
You feel agile all of a sudden.
You fade into invisibility!
You feel very mighty all of a sudden.
You feel clever all of a sudden. The jelly hits you but does no damage.
You are very lightly contaminated with residual magic.
You slash the jelly!
Your hands burn!
* * * LOW HITPOINT WARNING * * *
The jelly is almost dead.
You block the jelly's attack.
You hit the jelly but do no damage.
Your hands burn!
* * * LOW HITPOINT WARNING * * *
The jelly is almost dead.
You block the jelly's attack. The jelly hits you but does no damage.
You hit the jelly but do no damage.
Your hands burn!
You die...
Your body crumbles into a pile of gold.

#.###..###..##
###+###.<######
#....#........#
#....#........#
#....#........#
#....#........#
#....#........#
#...###..##..##
######...###.@##..#
#...#.......J.#...#
#...#.........'...#
#...#.........#...#
#...$.........#)..+
##..###..###..###.#
...##..###..####+#
.# .............#
.. .............#
...


You could see a jelly.

Vanquished Creatures
  A sky beast (D:5)
  2 ogres (D:4)
  An orc wizard (D:2)
  A worker ant (D:4)
  7 adders
  An ooze (D:1)
  3 worms (D:2)
  2 dart slugs (D:2)
  5 orcs
  5 giant cockroaches
  19 goblins
  12 hobgoblins
  6 jackals
  A quokka (D:2)
  2 ball pythons
  11 bats
  7 frilled lizards
  10 kobolds
  2 leopard gecko skeletons
  A quokka skeleton (D:4)
  5 rats
104 creatures vanquished.

Notes
Turn   | Place    | Note
-------+----------+-------------------------------------------
     0 | D:1      | grindst0ne the Mummy Fighter began the quest for the Orb.
     0 | D:1      | Reached XP level 1. HP: 18/18 MP: 1/1
     3 | D:1      | Noticed a gargoyle
     3 | D:1      | Noticed a formicid
     5 | D:1      | Noticed a demigod
     7 | D:1      | Noticed a spriggan
     7 | D:1      | Noticed a naga
     9 | D:1      | Noticed an octopode
    11 | D:1      | Noticed a halfling
    13 | D:1      | Noticed a tengu
    13 | D:1      | Noticed a human
    15 | D:1      | Noticed a vine stalker
    15 | D:1      | Noticed a vampire
    17 | D:1      | Noticed a centaur
    17 | D:1      | Noticed a demonspawn
    19 | D:1      | Noticed a felid
    19 | D:1      | Noticed a minotaur
    21 | D:1      | Noticed an ogre
    21 | D:1      | Noticed a ghoul
    23 | D:1      | Noticed a draconian
    23 | D:1      | Noticed an elf
    25 | D:1      | Noticed a dwarf
    27 | D:1      | Noticed a troll
    27 | D:1      | Noticed a merfolk
    94 | D:1      | Reached XP level 2. HP: 21/24 MP: 2/2
   452 | D:1      | Reached XP level 3. HP: 25/29 MP: 3/3
   846 | D:2      | Found a stormy altar of Qazlal.
   884 | D:2      | Reached skill level 4 in Fighting
   981 | D:2      | Found a bloodstained altar of Trog.
   987 | D:2      | Reached XP level 4. HP: 37/37 MP: 4/4
  1323 | D:2      | Found an ancient bone altar of Kikubaaqudgha.
  1430 | D:3      | Reached XP level 5. HP: 42/42 MP: 5/5
  1457 | D:3      | Reached skill level 1 in Dodging
  2129 | D:4      | Noticed an ogre
  2161 | D:4      | Killed an ogre
  2161 | D:4      | Reached XP level 6. HP: 44/49 MP: 6/6
  2249 | D:4      | Found an opulent altar of Gozag.
  2306 | D:4      | Became a worshipper of Gozag Ym Sagoz the Greedy
  2672 | D:4      | Found an iron altar of Okawaru.
  2681 | D:4      | Found a sparkling altar of Nemelex Xobeh.
  2681 | D:4      | Found a snail-covered altar of Cheibriados.
  2914 | D:5      | Entered Level 5 of the Dungeon
  2941 | D:5      | Noticed a sky beast
  2958 | D:5      | Killed a sky beast
  2958 | D:5      | Reached skill level 5 in Fighting
  3057 | D:5      | HP: 2/51 [acid (5)]
  3058 | D:5      | Splashed by a jelly's acid

Vault maps used:
D:1:      kb_arrival_jail
D:2:      cheibrodos_greedy_goblins, kiku_gazebo_garden_becter,
          lemuel_crystal_altar, old_standard_altar
D:4:      minitemple, grunt_gozag_breadcrumbs
D:5:      nicolae_overflow_hidden_temple, first_ration, uniq_edmund

Skill      XL: |  1  2  3  4  5  6 |
---------------+-------------------+-----
Shields        | 3 4 |  4.1
Fighting       | 4 5 |  5.1
Dodging        | 1 2 |  2.2
Armour         | 3 |  3.5
Axes           | |  1.5

Action                   |  1- 3 |  4- 6 || total
-------------------------+-------+-------++-------
Melee: War axe           |   160 |   185 ||   345
       Dagger            |       |    59 ||    59
Invok: Potion Petition   |       |     1 ||     1
Armor: Scale mail        |    88 |    78 ||   166
       Plate armour      |       |    38 ||    38
Dodge: Dodged            |    59 |    70 ||   129
Block: Shield            |   112 |   160 ||   272

Table legend:
 A = Non-vault XP
 B = Vault XP
 C = Vault XP percentage of total XP
 D = Non-vault monster count
 E = Vault monster count
 F = Vault count percentage of total count
                 A         B        C        D         E       F
            +---------+---------+-------+---------+---------+-------
      Total |     668 |      20 |   2.9 |      94 |      10 |   9.6
            +---------+---------+-------+---------+---------+-------
        D:1 |      44 |       0 |   0.0 |      24 |       0 |   0.0
        D:2 |     130 |      20 |  13.3 |      36 |      10 |  21.7
        D:3 |      72 |       0 |   0.0 |      20 |       0 |   0.0
        D:4 |     291 |       0 |   0.0 |      11 |       0 |   0.0
        D:5 |     131 |       0 |   0.0 |       3 |       0 |   0.0
            +---------+---------+-------+---------+---------+-------
